 Dungeon Crawl Stone Soup version 0.21.0 (webtiles) character file.

3898 Mefis the Thaumaturge (level 10, -1/50 HPs)
             Began as a Deep Elf Wizard on Jan 7, 2018.
             Was a Priest of Sif Muna.
             Slain by a hornet (6 damage)
             ... while paralysed by a hornet
             ... on level 9 of the Dungeon.
             The game lasted 00:39:14 (11459 turns).

Mefis the Thaumaturge (Deep Elf Wizard)            Turns: 11459, Time: 00:39:15

Health: -1/50      AC:  6    Str:  4    XL:     10   Next: 0%
Magic:  29/34      EV:  2    Int: 27    God:    Sif Muna [***...]
Gold:   400        SH:  0    Dex: 13    Spells: 15/28 levels left

rFire    . . .     SeeInvis .   a - +0 dagger (venom)
rCold    . . .     Gourm    .   (no shield)
rNeg     . . .     Faith    .   f - +2 animal skin
rPois    +         Spirit   .   w - +0 helmet
rElec    .         Reflect  .   J - scarf {repulsion}
rCorr    .         Harm     .   (no gloves)
MR       +....                  i - +0 pair of boots
Stlth    ++........             (no amulet)
HPRegen  0.16/turn              g - ring of poison resistance
MPRegen  0.24/turn              t - ring of magical power

@: paralysed, lethally poisoned (-1 -> -4), repel missiles
A: no striking features
a: Divine Energy, Channel Magic, Renounce Religion


You were on level 9 of the Dungeon.
You worshipped Sif Muna.
Sif Muna was most pleased with you.
You were not hungry.

You visited 1 branch of the dungeon, and saw 9 of its levels.
You also visited: Ossuary.

You collected 400 gold pieces.

Inventory:

Hand Weapons
 a - a +0 dagger of venom (weapon)
 q - a +0 hunting sling
 G - a +0 blowgun
Missiles
 j - 8 javelins (quivered)
 u - 32 sling bullets
 K - 17 poisoned needles
 M - a throwing net
 N - 2 curare-tipped needles
Armour
 f - a +2 animal skin (worn)
 i - a +0 pair of boots (worn)
 w - a +0 helmet (worn)
 J - a scarf of repulsion (worn)
Jewellery
 g - a ring of poison resistance (left hand)
 s - an uncursed ring of protection from cold
 t - a ring of magical power (right hand)
 S - an uncursed ring of fire
 T - an uncursed ring of resist corrosion
Wands
 b - a wand of random effects (10)
 x - a wand of acid (7)
 z - a wand of flame (35)
 F - a wand of disintegration (12)
 U - a wand of digging (17)
 Y - a wand of paralysis (16)
Scrolls
 k - a scroll of magic mapping
 o - 5 scrolls of remove curse
 p - 3 scrolls of teleportation
 y - 6 scrolls of enchant weapon
 C - 2 scrolls of fear
 E - a scroll of immolation
 H - 3 scrolls of amnesia
 O - 2 scrolls of silence {unknown}
 P - 2 scrolls of random uselessness {unknown}
 R - 2 scrolls of blinking {unknown}
 V - 2 scrolls of vulnerability {unknown}
Potions
 e - a potion of might {unknown}
 h - 2 potions of ambrosia
 l - 6 potions of flight
 m - a potion of resistance
 n - 4 potions of curing
 r - a potion of agility {unknown}
 A - a potion of magic {unknown}
 B - 3 potions of invisibility {unknown}
 D - 3 potions of haste
 I - 2 potions of brilliance {unknown}
 L - 4 potions of heal wounds
 Q - a potion of lignification {unknown}
 W - a potion of degeneration {unknown}
 X - 3 potions of berserk rage {unknown}
Books
 c - a book of Minor Magic

   Spells                             Type                      Level
   a - Magic Dart                     Conjuration                  1
   b - Blink                          Translocation                2
   c - Call Imp                       Summoning                    2
   d - Slow                           Hexes                        2
   e - Conjure Flame                  Conjuration/Fire             3
   f - Mephitic Cloud                 Conjuration/Poison/Air       3
 v - a book of Changes

   Spells                             Type                      Level
   a - Beastly Appendage              Transmutation                1
   b - Sticks to Snakes               Transmutation                2
   c - Spider Form                    Transmutation/Poison         3
   d - Ice Form                       Ice/Transmutation            4
   e - Blade Hands                    Transmutation                5
Comestibles
 d - 17 rations


   Skills:
 + Level 6.7 Dodging
 - Level 3.0 Stealth
 * Level 9.9 Spellcasting
 + Level 5.6 Conjurations
 + Level 6.2 Hexes
 - Level 1.8 Summonings
 + Level 2.0 Translocations
 + Level 5.0 Air Magic
 - Level 2.0 Poison Magic
 + Level 5.1 Invocations
 + Level 4.9 Evocations


You had 15 spell levels left.
You knew the following spells:

 Your Spells              Type           Power        Failure   Level  Hunger
a - Magic Dart            Conj           ####         1%          1    None
b - Call Imp              Summ           ###.....     3%          2    None
c - Blink                 Tloc           N/A          2%          2    None
e - Mephitic Cloud        Conj/Pois/Air  #####...     2%          3    None
f - Conjure Flame         Conj/Fire      ####....     4%          3    None
h - Slow                  Hex            #####...     1%          2    None


Dungeon Overview and Level Annotations

Branches:
Dungeon (9/15)             Temple (0/1) D:7
   Lair: D:8-11         Orc: D:9-12

Altars:
Ashenzari
Dithmenos
Fedhas
Qazlal
Ru
Sif Muna
Trog
Yredelemnul

Annotations:
D:3 tidbits's ghost, weakling FeAE


Message History

Confirm with . or Enter, or press ? or * to list all spells.
Aiming: Magic Dart
Press: ? - help, Shift-Dir - straight line, f/p - hornet
Aim: a hornet (lightly wounded)
The magic dart hits the hornet.
The hornet is lightly wounded.
You feel sick. The hornet stings you!
Casting: Magic Dart
Confirm with . or Enter, or press ? or * to list all spells.
Aiming: Magic Dart
Press: ? - help, Shift-Dir - straight line, f/p - hornet
Aim: a hornet (lightly wounded)
The magic dart hits the hornet.
The hornet is moderately wounded.
You feel sick. The hornet barely misses you. The hornet misses you.
The hornet stings you!
* * * LOW HITPOINT WARNING * * *
You suddenly lose the ability to move!
You feel sick. The hornet stings you.
You die...

........#
#.......#
#.......#
#.....>O#
#.......#
#..†....#
#....)†y#####..
#......@.......
#..............
#..............
#..............
#........######
########.. ##


You could see a two-headed ogre and a hornet.

Vanquished Creatures
  Grum (D:8)
  Eustachio (D:5)
  Menkaure (D:6)
  A black bear (D:7)
  An orc warrior (D:5)
  2 sky beasts
  3 ogres
  3 phantoms
  A necrophage (D:8)
  4 wolves
  2 ice beasts
  4 centaurs
  Blork the orc (D:5)
  5 bullfrogs
  2 scorpions (D:8)
  A water moccasin zombie (Ossuary)
  A howler monkey (D:4)
  5 wights (D:6)
  2 bullfrog zombies
  A centaur zombie (D:5)
  2 crimson imps
  2 hounds
  A bullfrog skeleton (D:6)
  An orc priest (D:5)
  2 centaur skeletons (D:8)
  4 orc wizards
  2 worker ants
  2 big kobold zombies (Ossuary)
  2 mummies (Ossuary)
  4 gnolls
  7 adders
  A shadow imp (D:5)
  2 oozes (D:2)
  4 adder zombies (Ossuary)
  10 dart slugs
  10 leopard geckos
  11 orcs
  5 giant cockroaches
  5 gnoll zombies
  9 goblins
  7 hobgoblins
  10 jackals
  3 quokkas
  A ball python (D:2)
  5 bats
  5 frilled lizards
  9 hobgoblin zombies (Ossuary)
  9 kobolds
  5 kobold zombies (Ossuary)
  5 orc zombies (Ossuary)
  8 rats
195 creatures vanquished.

Vanquished Creatures (collateral kills)
  An ogre (D:5)
  A scorpion (D:7)
  A crimson imp (D:5)
  An orc wizard (D:4)
  2 gnolls (D:7)
  4 adders
  2 worms (D:3)
  A dart slug (D:4)
  A leopard gecko (D:7)
  2 orcs (D:4)
  4 jackals (D:3)
  A quokka (D:5)
21 creatures vanquished.

Vanquished Creatures (others)
  2 jackals (D:2)
2 creatures vanquished.

Grand Total: 218 creatures vanquished

Notes
Turn   | Place    | Note
-------+----------+-------------------------------------------
     0 | D:1      | Mefis the Deep Elf Wizard began the quest for the Orb.
     0 | D:1      | Reached XP level 1. HP: 10/10 MP: 7/7
   637 | D:1      | Reached skill level 5 in Spellcasting
   668 | D:1      | Reached XP level 2. HP: 15/15 MP: 3/10
   672 | D:1      | Learned a level 2 spell: Call Imp
   675 | D:1      | Learned a level 2 spell: Blink
  1384 | D:2      | Found a stormy altar of Qazlal.
  1476 | D:2      | Reached XP level 3. HP: 19/19 MP: 6/11
  1532 | D:2      | Learned a level 3 spell: Mephitic Cloud
  1536 | D:2      | Learned a level 3 spell: Conjure Flame
  2595 | D:3      | Reached XP level 4. HP: 23/24 MP: 13/13
  2599 | D:3      | Learned a level 2 spell: Slow
  2780 | D:3      | Found a basalt altar of Yredelemnul.
  3018 | D:3      | Noticed tidbits's ghost (weakling FeAE)
  3445 | D:3      | Reached skill level 1 in Air Magic
  3799 | D:3      | Found a deep blue altar of Sif Muna.
  3805 | D:3      | Became a worshipper of Sif Muna the Loreminder
  3914 | D:4      | Noticed a phantom
  4036 | D:3      | Reached skill level 1 in Poison Magic
  4221 | D:4      | Reached XP level 5. HP: 28/28 MP: 15/15
  4471 | D:4      | Reached skill level 1 in Hexes
  4700 | D:4      | Killed a phantom
  4700 | D:4      | Reached skill level 1 in Invocations
  4811 | D:4      | Reached XP level 6. HP: 27/32 MP: 16/16
  5310 | D:5      | Entered Level 5 of the Dungeon
  5410 | D:5      | Noticed Blork the orc
  5430 | D:5      | Killed Blork the orc
  5430 | D:5      | Reached skill level 6 in Spellcasting
  5493 | D:5      | Noticed a sky beast
  5494 | D:5      | Reached skill level 1 in Evocations
  5494 | D:5      | Reached XP level 7. HP: 10/36 MP: 10/18
  5728 | D:5      | Noticed Eustachio
  5743 | D:5      | Killed Eustachio
  5743 | D:5      | Reached * piety under Sif Muna
  6255 | D:5      | Reached XP level 8. HP: 41/41 MP: 11/20
  6618 | D:5      | Found a bloodstained altar of Trog.
  6618 | D:5      | Found a shattered altar of Ashenzari.
  6623 | D:5      | Found a shadowy altar of Dithmenos.
  6625 | D:5      | Found a faded altar of an unknown god.
  6626 | D:5      | Found a stormy altar of Qazlal.
  6679 | D:6      | Reached skill level 5 in Dodging
  6742 | D:6      | Noticed Menkaure
  6771 | D:6      | Killed Menkaure
  6771 | D:6      | Reached skill level 7 in Spellcasting
  7163 | D:6      | Reached ** piety under Sif Muna
  7429 | D:6      | Found a sacrificial altar of Ru.
  7916 | D:6      | Reached skill level 8 in Spellcasting
  8284 | D:7      | Reached XP level 9. HP: 45/45 MP: 19/23
  8295 | D:7      | Found a staircase to the Ecumenical Temple.
  8352 | D:7      | Reached skill level 5 in Hexes
  8603 | D:7      | Found a sand-covered staircase.
  8612 | Ossuary  | Entered an ossuary
  9289 | D:7      | Found a blossoming altar of Fedhas.
  9870 | D:8      | Reached skill level 5 in Conjurations
  9912 | D:8      | Reached *** piety under Sif Muna
  9983 | D:8      | Reached skill level 9 in Spellcasting
 10057 | D:8      | Noticed Grum
 10724 | D:8      | Killed Grum
 10796 | D:8      | Reached skill level 5 in Invocations
 11357 | D:8      | Reached skill level 5 in Air Magic
 11357 | D:8      | Reached XP level 10. HP: 50/50 MP: 11/25
 11456 | D:9      | Noticed a two-headed ogre
 11458 | D:9      | Paralysed by a hornet for 3 turns
 11459 | D:9      | Slain by a hornet

Skill      XL: |  1  2  3  4  5  6  7  8  9 |
---------------+----------------------------+-----
Spellcasting   | 5 6 8 9 |  9.9
Stealth        | 3 |  3.0
Dodging        | 3 4 5 6 |  6.7
Translocations | 2 |  2.0
Air Magic      | 1 2 3 5 |  5.0
Poison Magic   | 1 2 |  2.0
Conjurations   | 2 3 4 5 |  5.6
Hexes          | 1 2 3 4 6 |  6.2
Invocations    | 1 2 4 5 |  5.1
Evocations     | 1 2 3 4 |  4.9
Summonings     | |  1.8

Action                   |  1- 3 |  4- 6 |  7- 9 | 10-12 || total
-------------------------+-------+-------+-------+-------++-------
Melee: Dagger            |     4 |    33 |    33 |       ||    70
 Fire: Hunting sling     |       |       |    35 |       ||    35
       Blowgun           |       |       |    19 |       ||    19
 Cast: Magic Dart        |    78 |   138 |   456 |     8 ||   680
       Call Imp          |     3 |    23 |    15 |       ||    41
       Conjure Flame     |       |     2 |    30 |       ||    32
       Mephitic Cloud    |       |    10 |    26 |       ||    36
       Blink             |       |     1 |    10 |       ||    11
       Slow              |       |       |     1 |       ||     1
  Use: Scroll            |     6 |     1 |     9 |       ||    16
       Potion            |       |     1 |       |       ||     1
 Stab: Sleeping          |     3 |     1 |       |       ||     4
       Confused          |       |     1 |       |       ||     1
  Eat: Chunk             |     4 |     7 |    10 |     1 ||    22
       Ration            |       |     1 |     2 |       ||     3
Armor: Robe              |     1 |    13 |    15 |       ||    29
       Animal skin       |       |       |     6 |       ||     6
Dodge: Dodged            |     4 |    49 |   110 |     2 ||   165
       Deflected         |       |     4 |     3 |       ||     7
